 Dungeon Crawl Stone Soup version 0.31.0-12-g77e489cdc1 (webtiles) character file.

Game seed: 864282369805387706

90 PriceMaster the Firebug (level 4, -1/27 HPs)
             Began as an Octopode Fire Elementalist on Feb 25, 2024.
             Slain by Ijyb
             ... wielding a +0 spectral club
              (3 damage)
             ... on level 3 of the Dungeon.
             The game lasted 00:03:13 (2259 turns).

PriceMaster the Firebug (OpFE)                      Turns: 2259, Time: 00:03:14

Health: -1/27      AC:  2    Str:  7    XL:     4   Next: 56%
Magic:  8/8        EV: 10    Int: 19    God:
Gold:   162        SH:  0    Dex: 12    Spells: 4/8 levels left

rFire   + . .        f - +0 dagger
rCold   . . .        (no shield)
rNeg    . . .        e - +1 hat
rPois   .            (no amulet)
rElec   .            b - ring of wizardry
rCorr   .            i - ring of protection from fire
SInv    .            (no ring)
Will    .....        (no ring)
Stlth   +++          (no ring)
HPRegen 0.24/turn    (no ring)
MPRegen 0.11/turn    (no ring)
                     (no ring)

%: wizardry (x1)
@: grasped by roots, attractive, constricted
A: almost no armour, amphibious, 8 rings, camouflage 1, gelatinous body 1,
(nimble swimmer 1), tentacles
a: no special abilities


You were on level 3 of the Dungeon.
You visited 1 branch of the dungeon, and saw 3 of its levels.

You collected 162 gold pieces.

Inventory:

Hand Weapons
 f - a +0 dagger (weapon)
Armour
 e - a +1 hat (worn)
Jewellery
 b - a ring of wizardry (left tentacle)
 i - a ring of protection from fire (right tentacle)
Scrolls
 c - a scroll of fog {unknown}
 g - a scroll of fear {unknown}
 h - 2 scrolls of identify {unknown}
 j - a scroll of enchant weapon {unknown}
 k - a scroll of brand weapon {unknown}
Potions
 a - a potion of magic
 d - a potion of attraction


   Skills:
 + Level 0.5 Short Blades
 + Level 2.3 Dodging
 + Level 2.9 Stealth
 + Level 2.7 Spellcasting
 + Level 2.1 Conjurations
 + Level 0.4 Hexes
 + Level 3.7 Fire Magic


You had 4 spell levels left.
You knew the following spells:

 Your Spells              Type           Power      Damage    Failure   Level
a - Foxfire               Conj/Fire      52%        2x1d6     1%          1
b - Inner Flame           Hex/Fire       10%        N/A       9%          3

Your spell library contained the following spells:

 Spells                   Type           Power      Damage    Failure   Level
 Scorch                   Fire           32%        2d6       2%          2
 Volatile Blastmotes      Fire/Tloc      18%        2d11      9%          3
 Flame Wave               Conj/Fire      13%        2d6       19%         4
 Summon Cactus Giant      Summ           1%         N/A       100%        6


Dungeon Overview and Level Annotations

Branches:
Dungeon (3/15)

Altars:

Annotations:
D:3 2 transporters, Ijyb


Innate Abilities, Weirdness & Mutations

You cannot wear most types of armour.
You are amphibious.
You can wear up to eight rings at the same time.
Your skin changes colour to match your surroundings (Stealth+).
Your rubbery body absorbs attacks. (AC +1, EV +1)
((You are camouflaged when in or above water. (Stealth+)))
You have tentacles for arms and can constrict up to eight enemies at once.


Message History

You squeeze Ijyb, but do no damage. You barely miss Ijyb. You grab Ijyb.
You squeeze Ijyb.
Ijyb is moderately wounded.
You constrict Ijyb.
Ijyb zaps a wand.
The roots erupt in riotous growth!
The grasping roots grab you!
Ijyb is unaffected.
The grasping roots constrict you.
You hit Ijyb but do no damage. You squeeze Ijyb, but do no damage.
Ijyb is moderately wounded.
You constrict Ijyb, but do no damage. Ijyb completely misses you.
The grasping roots constrict you.
The grasping roots release their grip on you.
Ijyb is nearby!
Ijyb is nearby!
Okay, then.
Casting: Foxfire (safe; 1% risk of failure)
Confirm with . or Enter, or press ? or * to list all spells.
You don't know that spell.
It was a potion of attraction.
You feel attractive to monsters.
You constrict Ijyb. Ijyb hits you with a +0 spectral club.
You hit Ijyb. You squeeze Ijyb.
Ijyb is severely wounded.
You constrict Ijyb.
Ijyb zaps a wand.
The roots erupt in riotous growth!
The grasping roots grab you!
Ijyb is unaffected.
The grasping roots constrict you.
* * * LOW HITPOINT WARNING * * *
Unknown command.
You hit Ijyb but do no damage.
Ijyb is severely wounded.
You constrict Ijyb. Ijyb closely misses you. The grasping roots constrict you.
* * * LOW HITPOINT WARNING * * *
Unknown command.
Okay, then.
Okay, then.
You barely miss Ijyb. You squeeze Ijyb, but do no damage.
Ijyb is severely wounded.
You constrict Ijyb.
Ijyb grins evilly.
Ijyb hits you with a +0 spectral club.
You die...

################
###.........%.....
..#.####..........
#.#. ##>######..
#g#.# #.# ##....
#@#..####.###.....
#.#...............
#?#..≈≈≈≈≈≈≈≈≈≈≈..
#.##.≈≈≈≈≈≈≈≈≈≈≈..
#.##.≈≈#####......
#.##.≈≈#g#.#.###.©
#.##.≈≈#)..###.###
#....≈≈###........
####.≈≈.8#.######+


You could see Ijyb.

Vanquished Creatures
  3 adders (D:2)
  A ribbon worm (D:3)
  A dart slug (D:1)
  2 orcs (D:3)
  4 endoplasms
  3 giant cockroaches
  4 goblins
  10 hobgoblins
  2 quokkas
  4 ball pythons
  5 bats
  3 frilled lizards
  3 kobolds
  9 rats
54 creatures vanquished.

Vanquished Creatures (collateral kills)
  5 foxfires (D:1)
5 creatures vanquished.

Vanquished Creatures (others)
  98 foxfires
98 creatures vanquished.

Grand Total: 157 creatures vanquished

Notes
Turn   | Place    | Note
-------+----------+-------------------------------------------
     0 | D:1      | PriceMaster the Octopode Fire Elementalist began the quest
                  | for the Orb.
     0 | D:1      | Reached XP level 1. HP: 11/11 MP: 3/3
   117 | D:1      | Reached XP level 2. HP: 17/17 MP: 0/5
   552 | D:1      | Reached XP level 3. HP: 21/21 MP: 2/6
   558 | D:1      | Learned a level 3 spell: Inner Flame
  1278 | D:2      | Reached XP level 4. HP: 24/27 MP: 5/7
  2200 | D:3      | Found a transporter.
  2206 | D:3      | Found a transporter.
  2233 | D:3      | Identified the +8 halberd of Raloitam {elec, *Noise +Blink
                  | Fly rCorr Stlth+}
  2249 | D:3      | Noticed Ijyb
  2258 | D:3      | HP: 1/27 [constriction (3)]
  2259 | D:3      | Slain by Ijyb

Illustrated notes

Levels and vault maps discovered:
D:1:      dpeg_arrival_prison, layout_rooms, serial_forest,
          infiniplex_forest_lined_3, infiniplex_forest_lined_room_,
          infiniplex_forest_corner_1, infiniplex_forest_clump_small,
          infiniplex_forest_straight_2, infiniplex_forest_clump_curved,
          infiniplex_forest_end_double
D:2:      layout_basic
D:3:      layout_loops_ring, gammafunk_ghost_gnarly_gnolls,
          kennysheep_generic_room_13, uniq_ijyb

Skill      XL: |  1  2  3 |
---------------+----------+-----
Conjurations   | 2 |  2.1
Short Blades   | |  0.5
Dodging        | |  2.3
Stealth        | |  2.9
Spellcasting   | |  2.7
Hexes          | |  0.4
Fire Magic     | |  3.7

Action                     |  1- 3 |  4- 6 || total
---------------------------+-------+-------++-------
  Melee: Unarmed           |    12 |       ||    12
         Constrict         |     9 |     8 ||    17
         Tentacles         |     4 |    14 ||    18
         Punch             |     1 |     1 ||     2
         Dagger            |    31 |    35 ||    66
   Cast: Foxfire           |    42 |    18 ||    60
         Inner Flame       |     1 |     5 ||     6
    Use: Potion            |       |     1 ||     1
   Stab: Sleeping          |     5 |       ||     5
 Armour: Skin              |    17 |    13 ||    30
  Dodge: Dodged            |    38 |    18 ||    56
